 Dungeon Crawl Stone Soup version 0.19.0-18-g426998a (webtiles) character file.

32 nikopol the Digger (level 3, -4/19 HPs)
             Began as a Gargoyle Earth Elementalist on Nov 11, 2016.
             Slain by a gnoll
             ... wielding a +0 halberd
              (14 damage)
             ... on level 2 of the Dungeon.
             The game lasted 00:04:25 (1282 turns).

nikopol the Digger (Gargoyle Earth Elementalist)    Turns: 1282, Time: 00:04:26

Health: -4/19      AC:  6    Str: 11    XL:     3   Next: 27%
Magic:  1/7        EV: 15    Int: 16    God:
Gold:   75         SH:  0    Dex: 10    Spells: 1 memorised, 7 levels left

rFire  . . .     SeeInvis .     a - +0 mace
rCold  . . .     Gourm    .     c - +0 robe
rNeg   + . .     Faith    .     (no shield)
rPois  ∞         Spirit   .     (no helmet)
rElec  +         Reflect  .     (no cloak)
rCorr  .         Harm     .     (no gloves)
MR     .....     Rnd*Tele +     o - +0 pair of boots
Stlth  ++........               (no amulet)
                                i - +3 ring of evasion
                                g - ring of teleportation (curse)

@: very slightly contaminated
A: negative energy resistance 1, electricity resistance, unbreathing,
petrification resistance, rot immunity, AC +3
a: no special abilities


You were on level 2 of the Dungeon.
You were hungry.

You visited 1 branch of the dungeon, and saw 2 of its levels.

You collected 75 gold pieces.

Inventory:

Hand Weapons
 a - a +0 mace (weapon)
Missiles
 b - 21 stones (quivered)
Armour
 c - a +0 robe (worn)
 o - a +0 pair of boots (worn)
Jewellery
 g - a cursed ring of teleportation (left hand)
 h - an uncursed ring of protection from fire
 i - a +3 ring of evasion (right hand)
Scrolls
 j - a scroll of remove curse {unknown}
 n - a scroll of identify {unknown}
 q - a scroll of immolation {unknown}
Potions
 f - a potion of agility {unknown}
 k - a potion of might {unknown}
 l - 3 potions of curing {unknown}
 m - 2 potions of haste {unknown}
Books
 e - a book of Geomancy

   Spells                             Type                      Level
   a - Sandblast                      Earth                        1
   b - Passwall                       Transmutation/Earth          2
   c - Stone Arrow                    Conjuration/Earth            3
   d - Petrify                        Transmutation/Earth          4
   e - Lee's Rapid Deconstruction     Earth                        5
Comestibles
 d - a bread ration
 p - a chunk of flesh


   Skills:
 - Level 1.5 Dodging
 - Level 2.1 Stealth
 * Level 3.1 Spellcasting
   Level 0.7 Transmutations
 + Level 3.9 Earth Magic


You had 7 spell levels left.
You knew the following spells:

 Your Spells              Type           Power        Failure   Level  Hunger
a - Sandblast             Erth           ###...       4%          1    None


Dungeon Overview and Level Annotations

Branches:
Dungeon (2/15)

Altars:


Innate Abilities, Weirdness & Mutations

You are resistant to torment.
Your stone body is resilient. (AC +3)
You are immune to poison.
You resist negative energy. (rN+)
You are resistant to electric shocks. (rElec)
You can survive without breathing.
You are immune to petrification.
You are immune to rotting.


Message History

Confirm with . or Enter, or press ? or * to list all spells.
Aiming: Sandblast
Press: ? - help, Shift-Dir - straight line, f/p - gnoll
Aim: a gnoll, wielding a halberd (moderately wounded)
The blast of sand misses the gnoll.
The gnoll misses you. The gnoll barely misses you.
You barely miss the gnoll.
The gnoll is moderately wounded.
The gnoll closely misses you.
You hit the gnoll but do no damage.
The gnoll is moderately wounded.
The gnoll hits you with a halberd!
You hit the gnoll.
The gnoll is moderately wounded.
The gnoll misses you.
You hit the gnoll.
The gnoll is heavily wounded.
The gnoll hits you with a halberd!
Ouch! That really hurt!
You die...

. .. ♣♣♣♣#####
...♣♣PP.♣...# ♣.P.....#.#
♣♣.....##.# ♣P♣P..♣##@# #
♣..P..♣.##g# #####.##..g
..P..P♣♣.##.####..g.......
♣♣♣♣♣. ♣.##.............##
#.. ♣ #.#######.###.####
#..# #.....# #.# .#
#..#### #####.# #.# # .
#.. ..# #.###.###.#
.###.##.# #.........#


You could see a gnoll.

Vanquished Creatures
  A gnoll (D:2)
  5 goblins (D:1)
  A hobgoblin (D:1)
  2 jackals (D:1)
  4 kobolds (D:1)
  A quokka (D:2)
  3 bats (D:1)
  A frilled lizard (D:1)
  4 rats (D:1)
22 creatures vanquished.

Vanquished Creatures (others)
  A frilled lizard (D:2)
  A goblin (D:2)
2 creatures vanquished.

Grand Total: 24 creatures vanquished

Notes
Turn   | Place    | Note
-------+----------+-------------------------------------------
     0 | D:1      | nikopol the Gargoyle Earth Elementalist began the quest for the Orb.
     0 | D:1      | Reached XP level 1. HP: 10/10 MP: 3/3
   345 | D:1      | Reached XP level 2. HP: 15/15 MP: 3/5
  1270 | D:2      | Reached XP level 3. HP: 17/19 MP: 1/7
  1282 | D:2      | Slain by a gnoll

Skill      XL: |  1  2 |
---------------+-------+-----
Spellcasting   | 3 |  3.1
Dodging        | |  1.5
Stealth        | |  2.1
Transmutations | |  0.7
Earth Magic    | |  3.9

Action                   || total
-------------------------++-------
Melee: Mace              ||     8
       Unarmed           ||     1
 Cast: Sandblast         ||    46
  Eat: Chunk             ||     1
Armor: Robe              ||    14
Dodge: Dodged            ||    28
